 Dungeon Crawl Stone Soup version 0.21.1-1-g345015f (webtiles) character file.

47 sking99 the Ruffian (level 3, -4/31 HPs)
             Began as a Naga Transmuter on June 24, 2018.
             Slain by Natasha (6 damage)
             ... on level 2 of the Dungeon.
             The game lasted 00:02:29 (991 turns).

sking99 the Ruffian (Naga Transmuter)                Turns: 991, Time: 00:02:30

Health: -4/31      AC:  2    Str: 12    XL:     3   Next: 70%
Magic:  4/6        EV: 10    Int: 14    God:
Gold:   49         SH:  0    Dex: 11    Spells: 3/6 levels left

rFire    . . .     SeeInvis +     - Unarmed
rCold    . . .     Gourm    .   (no shield)
rNeg     . . .     Faith    .   b - +0 robe
rPois    +         Spirit   .   (no helmet)
rElec    .         Reflect  .   (no cloak)
rCorr    .         Harm     .   (no gloves)
MR       .....                  (no barding)
Stlth    +.........             (no amulet)
HPRegen  0.10/turn              (no ring)
MPRegen  0.10/turn              (no ring)

@: slowed, very slow
A: large, see invisible, deformed body, poison resistance, slowness 2, slow
metabolism 1, spit poison 1, AC +1
a: Spit Poison


You were on level 2 of the Dungeon.
You were not hungry.

You visited 1 branch of the dungeon, and saw 2 of its levels.

You collected 49 gold pieces.

Inventory:

Missiles
 a - 33 arrows
Armour
 b - a +0 robe (worn)
Scrolls
 e - 2 scrolls of teleportation {unknown}
 f - a scroll of fog {unknown}
 j - 2 scrolls of remove curse {unknown}
 k - 2 scrolls of identify {unknown}
Potions
 h - 2 potions of curing {unknown}
 i - a potion of flight {unknown}
Books
 c - a book of Changes

   Spells                             Type                      Level
   a - Beastly Appendage              Transmutation                1
   b - Sticks to Snakes               Transmutation                2
   c - Spider Form                    Transmutation/Poison         3
   d - Ice Form                       Ice/Transmutation            4
   e - Blade Hands                    Transmutation                5
Comestibles
 d - 3 rations
 g - a chunk of flesh


   Skills:
 - Level 1.0 Fighting
 - Level 1.6 Dodging
 + Level 4.4 Unarmed Combat
 - Level 2.0 Spellcasting
 - Level 2.1 Transmutations


You had 3 spell levels left.
You knew the following spells:

 Your Spells              Type           Power        Failure   Level  Hunger
a - Beastly Appendage     Tmut           #.....       10%         1    ##.....
b - Sticks to Snakes      Tmut           #.......     16%         2    ###....


Dungeon Overview and Level Annotations

Branches:
Dungeon (2/15)

Altars:

Annotations:
D:2 Natasha


Innate Abilities, Weirdness & Mutations

You cannot wear boots.
Your serpentine skin is tough. (AC +1)
You have supernaturally acute eyesight. (SInv)
Armour fits poorly on your strangely shaped body.
Your system is resistant to poisons. (rPois)
You cover ground very slowly.
You have a slow metabolism.
You can spit poison.


Message History

Natasha stares at you and mumbles some strange words.
The magic dart hits you!
* * * LOW HITPOINT WARNING * * *
The giant cockroach misses you. The giant cockroach barely misses you.
Your horns disappear.
The bat closely misses you.
Natasha mumbles some strange words.
You feel disoriented.
The giant cockroach bites you but does no damage.
The shadow imp closely misses you. The bat hits you but does no damage.
Natasha mumbles some strange words.
The giant cockroach misses you. The shadow imp closely misses you.
The giant cockroach barely misses you. The bat barely misses you.
The giant cockroach bites you.
* * * LOW HITPOINT WARNING * * *
The shadow imp hits you.
* * * LOW HITPOINT WARNING * * *
Natasha claws you.
You die...

.....(.# ....
.......### .....
........###.....
........#.......
##........(...
#b............
#....)..=.....
#.†5..........
##@s.5........
##h..#.......
###########.


You could see Natasha, a crimson imp, a shadow imp, a giant cockroach and a bat.

Vanquished Creatures
  Natasha (D:2)
  An ooze (D:1)
  A giant cockroach (D:1)
  3 goblins (D:1)
  A hobgoblin (D:1)
  6 bats (D:1)
  A frilled lizard (D:1)
  2 rats (D:1)
16 creatures vanquished.

Vanquished Creatures (collateral kills)
  A goblin (D:2)
  A kobold (D:2)
  A frilled lizard (D:2)
3 creatures vanquished.

Grand Total: 19 creatures vanquished

Notes
Turn   | Place    | Note
-------+----------+-------------------------------------------
     0 | D:1      | sking99 the Naga Transmuter began the quest for the Orb.
     0 | D:1      | Reached XP level 1. HP: 18/18 MP: 3/3
   117 | D:1      | Reached XP level 2. HP: 25/25 MP: 5/5
   346 | D:1      | Learned a level 2 spell: Sticks to Snakes
   958 | D:2      | Noticed Natasha
   964 | D:2      | Killed Natasha
   964 | D:2      | Reached skill level 4 in Unarmed Combat
   964 | D:2      | Reached XP level 3. HP: 23/31 MP: 2/6
   984 | D:2      | Noticed Natasha
   991 | D:2      | Slain by Natasha

Skill      XL: |  1  2 |
---------------+-------+-----
Unarmed Combat | 4 |  4.4
Fighting       | |  1.0
Dodging        | |  1.6
Spellcasting   | |  2.0
Transmutations | |  2.1

Action                   || total
-------------------------++-------
Melee: Unarmed           ||    42
       Headbutt          ||     2
 Cast: Beastly Appendage ||     2
       Sticks to Snakes  ||     1
 Abil: Spit Poison       ||    12
  Eat: Chunk             ||     1
Armor: Robe              ||    25
Dodge: Dodged            ||    71
